 Dungeon Crawl Stone Soup version 0.18-a0-1195-g77a4f03 (webtiles) character file.

4195 4thArraOfDagon the Grappler (level 10, -2/91 HPs)
             Began as a Troll Summoner on Jan 29, 2016.
             Was a Priest of Yredelemnul.
             Slain by a hellwing (12 damage)
             ... summoned by a kobold demonologist
             ... on level 10 of the Dungeon.
             The game lasted 00:22:46 (4318 turns).

4thArraOfDagon the Grappler (Troll Summoner)        Turns: 4318, Time: 00:22:47

Health: -2/91      AC:  6    Str: 16    XL:     10   Next: 8%
Magic:  5/13       EV: 11    Int: 14    God:    Yredelemnul [***...]
Gold:   227        SH:  0    Dex: 10    Spells: 2 memorised, 7 levels left

rFire  . . .     SeeInvis .       - Unarmed
rCold  + + .     Gourm    +     M - +0 robe (curse)
rNeg   . . .     Faith    .     (no shield)
rPois  .         Spirit   .     (helmet restricted)
rElec  .         Dismiss  .     I - +0 cloak
rCorr  .         Reflect  .     (gloves unavailable)
SustAt .         Harm     .     (boots unavailable)
MR     .....                    (no amulet)
Stlth  ++........               y - ring of protection from cold
                                n - ring of stealth

@: injury mirror, not resistant to hostile enchantments, unstealthy
A: unfitting armour, claws 3, talons 1, blurry vision 1, cold resistance 1, fast
metabolism 3, gourmand, high mp 1, regeneration 3, shaggy fur 1, tough skin 2,
weak 1, MP-powered wands
a: Recall Undead Slaves, Injury Mirror, Animate Dead, Renounce Religion


You were on level 10 of the Dungeon.
You worshipped Yredelemnul.
Yredelemnul was most pleased with you.
You were very full.

You visited 2 branches of the dungeon, and saw 13 of its levels.

You collected 227 gold pieces.

Inventory:

Hand Weapons
 w - a +0 giant spiked club
 D - a +0 blowgun
Missiles
 z - 3 large rocks (quivered)
 E - 6 poisoned needles
Armour
 j - the +4 ring mail of Boiling Hail {rN+++ Regen+ Str-4 Dex-2, unknown}
   (You found it on level 4 of the Dungeon)

   It affects your strength (-4).
   It affects your dexterity (-2).
   It renders you almost immune to negative energy.
   It increases your rate of regeneration.
 F - a +0 shield
 I - a +0 cloak (worn)
 J - a steam dragon hide
 M - a cursed +0 robe (worn)
Jewellery
 n - a ring of stealth (left claw)
 y - a ring of protection from cold (right claw)
 L - an uncursed ring of resist corrosion
Wands
 G - a wand of paralysis (13/24)
 K - a wand of flame (24/48)
 P - a wand of paralysis (11/24)
Scrolls
 a - a scroll of summoning {unknown}
 e - a scroll of immolation {unknown}
 f - 5 scrolls of teleportation
 i - 3 scrolls of noise {unknown}
 p - 2 scrolls of amnesia {unknown}
 q - 3 scrolls of remove curse {unknown}
 s - a scroll of fear {unknown}
 t - a scroll of random uselessness {unknown}
 u - 2 scrolls of magic mapping {unknown}
 x - a scroll of recharging {unknown}
 C - a scroll of blinking {unknown}
Potions
 g - a potion of might
 k - 3 potions of curing
 m - 3 potions of heal wounds
 o - 2 potions of magic
 A - a potion of lignification
 B - a potion of resistance {unknown}
 H - 3 potions of haste {unknown}
Books
 b - a book of Callings

   Spells                             Type                      Level
   a - Summon Small Mammal            Summoning                    1
   b - Call Imp                       Summoning                    2
   c - Call Canine Familiar           Summoning                    3
   d - Summon Guardian Golem          Hexes/Summoning              3
   e - Summon Lightning Spire         Summoning/Air                4
   f - Summon Ice Beast               Ice/Summoning                4
 r - a book of Battle

   Spells                             Type                      Level
   a - Infusion                       Charms                       1
   b - Shroud of Golubria             Charms/Translocation         2
   c - Song of Slaying                Charms                       2
   d - Spectral Weapon                Hexes/Charms                 3
   e - Regeneration                   Charms/Necromancy            3
Miscellaneous
 O - a plain deck of changes
Comestibles
 c - 4 bread rations
 d - a slice of pizza
 h - 2 meat rations
 l - a beef jerky
 v - 3 fruits


   Skills:
 + Level 3.3 Fighting
 + Level 4.0 Dodging
 - Level 1.1 Stealth
 * Level 8.9 Unarmed Combat
 - Level 1.2 Spellcasting
 * Level 3.9 Charms
 - Level 2.9 Summonings
 * Level 5.0 Necromancy
 + Level 4.1 Invocations


You had 7 spell levels left.
You knew the following spells:

 Your Spells              Type           Power        Failure   Level  Hunger
a - Summon Small Mammal   Summ           #...         10%         1    ##.....
b - Regeneration          Chrm/Necr      ##........   14%         3    ####...


Dungeon Overview and Level Annotations

Branches:
Dungeon (12/15)            Temple (1/1) D:6
   Lair: D:8-11         Orc: D:9-12

Altars:
Ashenzari
Dithmenos
Elyvilon
Gozag
Kikubaaqudgha
Nemelex Xobeh
Okawaru
Pakellas
Qazlal
Sif Muna
Trog
Vehumet
Xom
Yredelemnul
Zin
The Shining One

Shops:
D:4 }   D:9 }


Innate Abilities, Weirdness & Mutations

You are too large for most types of armour.
You have claws for hands.
Your metabolism is lightning-fast.
You like to eat raw meat.
You regenerate.
You are covered in fur (AC +1).
You have very tough skin (AC +2).
You have sharp toenails.
Scrolls take you a little longer to read.
Your flesh is cold resistant.
You have an increased reservoir of magic (+10% MP).
You are weak. (Str -2)
You expend magic power (3 MP) to strengthen your wands.


Message History

Unknown command.
Unknown command.
Unknown command.
Unknown command.
Unknown command.
Unknown command.
Unknown command.
Unknown command.
Unknown command.
Unknown command.
Unknown command.
Unknown command.
Okay, then.
You offer yourself to Yredelemnul, and fill with unholy energy.
The kobold demonologist hits you but does no damage.
The hellwing closely misses you.
The hellwing hits you but does no damage.
The hellwing hits you!
You die...
Your body rises from the dead as a mindless zombie.

#....................>.....
#..........................
#....###.........).........
#....#.#####...............
#....#.....#..#####((......
#....#.....#..'.)().(......
#....#....>#..#..)#........
.....#....4#..#...#........
......#...4@#..#...#........
.......#####K#..#...#......##
.......K. .4...#...#......#
..... #...#......#
.....$.#####......# ####.....
........# #...............#
############....# ######


You could see 2 hellwings, an ice devil and a kobold demonologist.

Vanquished Creatures
  A kobold demonologist (D:10)
  2 two-headed ogres
  Sigmund (D:3)
  A steam dragon (D:9)
  3 hippogriffs
  A water moccasin (D:9)
  An ice beast (D:10)
  4 orc warriors
  3 sky beasts
  2 centaurs
  4 ogres
  4 big kobolds
  A giant frog (D:11)
  Blork the orc (D:5)
  A wyvern skeleton (D:7)
  2 scorpions
  3 crimson imps
  3 jellies
  2 orc priests
  A hound (D:10)
  A centaur skeleton (D:11)
  A giant frog skeleton (D:6)
  3 iguanas
  4 orc wizards
  5 worker ants
  2 hound skeletons
  2 hound zombies
  3 gnolls (D:3)
  6 adders
  2 shadow imps
  An ooze (D:4)
  An adder zombie (D:5)
  A worm (D:6)
  5 giant geckos
  42 orcs
  2 bats (D:1)
  3 giant cockroaches
  9 goblins
  2 hobgoblins
  20 kobolds
  5 quokkas
  A ball python (D:6)
  2 giant gecko skeletons
  6 giant newts
  A jackal skeleton (D:5)
  A quokka zombie (D:5)
  5 rats
177 creatures vanquished.

Notes
Turn   | Place    | Note
--------------------------------------------------------------
     0 | D:1      | 4thArraOfDagon the Troll Summoner began the quest for the Orb.
     0 | D:1      | Reached XP level 1. HP: 16/16 MP: 1/1
   106 | D:1      | Reached skill level 1 in Unarmed Combat
   118 | D:1      | Reached XP level 2. HP: 19/24 MP: 2/2
   278 | D:3      | Reached skill level 3 in Unarmed Combat
   278 | D:3      | Reached XP level 3. HP: 27/31 MP: 1/3
   354 | D:3      | Reached XP level 4. HP: 39/39 MP: 4/4
   422 | D:4      | Got a turquoise-studded ring mail
   435 | D:5      | Entered Level 5 of the Dungeon
   440 | D:5      | Reached skill level 4 in Unarmed Combat
   482 | D:4      | Found a sparkling altar of Nemelex Xobeh.
   611 | D:5      | Noticed a gnoll sergeant
   749 | D:6      | Found a basalt altar of Yredelemnul.
   757 | D:6      | Found a staircase to the Ecumenical Temple.
   766 | Temple   | Entered the Ecumenical Temple
   837 | D:6      | Found a white marble altar of Elyvilon.
   848 | D:6      | Became a worshipper of Yredelemnul the Dark
   866 | D:6      | Reached XP level 5. HP: 32/45 MP: 5/5
   886 | D:6      | Reached skill level 5 in Unarmed Combat
   964 | D:6      | Noticed a sky beast
   981 | D:6      | Killed a sky beast
   981 | D:6      | Reached XP level 6. HP: 35/54 MP: 6/6
   985 | D:6      | Gained mutation: You expend magic power (3 MP) to strengthen your wands. [mutagenic meat]
   986 | D:6      | Gained mutation: You are weak. (Str -2) [mutagenic meat]
   987 | D:6      | Gained mutation: Scrolls take you a little longer to read. [mutagenic meat]
   988 | D:6      | Gained mutation: You are agile. (Dex +2) [mutagenic meat]
   989 | D:6      | Gained mutation: You have sharp toenails. [mutagenic meat]
  1031 | D:6      | Reached skill level 1 in Invocations
  1032 | D:6      | Noticed an orc warrior
  1056 | D:5      | Reached skill level 6 in Unarmed Combat
  1066 | D:5      | Reached skill level 1 in Fighting
  1142 | D:6      | Found a glowing silver altar of Zin.
  1165 | D:6      | Found a shimmering altar of Xom.
  1168 | D:6      | Found a radiant altar of Vehumet.
  1187 | D:6      | Found an opulent altar of Gozag.
  1190 | D:6      | Found a shadowy altar of Dithmenos.
  1269 | D:7      | Noticed a two-headed ogre
  1423 | D:8      | Learned a level 3 spell: Regeneration
  1480 | D:9      | Noticed a steam dragon
  1492 | D:9      | Noticed a water moccasin
  1499 | D:9      | Found Poaqatoh's Quality Used Wands.
  1522 | D:9      | Noticed a tengu warrior
  1597 | D:10     | Entered Level 10 of the Dungeon
  1597 | D:10     | Noticed a mottled dragon
  1598 | D:10     | Noticed a kobold demonologist
  1713 | D:9      | Reached XP level 7. HP: 62/62 MP: 7/7
  1782 | D:8      | Reached * piety under Yredelemnul
  1794 | D:8      | Reached skill level 1 in Charms
  1794 | D:8      | Reached skill level 1 in Necromancy
  1892 | D:8      | Reached skill level 7 in Unarmed Combat
  1902 | D:8      | Reached XP level 8. HP: 42/71 MP: 8/8
  2100 | D:7      | Killed a two-headed ogre
  2352 | D:7      | Gained mutation: You have an increased reservoir of magic (+10% MP). [mutagenic meat]
  2354 | D:7      | Gained mutation: You regenerate. [mutagenic meat]
  2355 | D:7      | Gained mutation: Your flesh is cold resistant. [mutagenic meat]
  2511 | D:5      | Noticed a deep elf knight
  2560 | D:3      | Found a shattered altar of Ashenzari.
  2626 | D:4      | Found Yngeum's Gadget Boutique.
  2884 | D:3      | Reached ** piety under Yredelemnul
  3023 | D:3      | Noticed Sigmund
  3035 | D:3      | Killed Sigmund
  3035 | D:3      | Reached XP level 9. HP: 63/80 MP: 11/11
  3196 | D:5      | Noticed Blork the orc
  3213 | D:5      | Killed Blork the orc
  3464 | D:9      | Reached skill level 8 in Unarmed Combat
  3794 | D:11     | Reached *** piety under Yredelemnul
  3936 | D:11     | Noticed a manticore
  4187 | D:11     | Lost mutation: You are agile. (Dex +2) [mutagenic meat]
  4250 | D:11     | fuck
  4256 | D:11     | Noticed a troll
  4285 | D:11     | Reached XP level 10. HP: 61/91 MP: 4/13
  4302 | D:10     | Noticed a sixfirhy
  4305 | D:10     | Reached skill level 5 in Necromancy
  4318 | D:10     | Slain by a hellwing

Vault maps used:
D:1:      sevenhm_arrival_forest_fort_large_2
D:2:      marbit_many_paths, overflow_temple_1_default, fedhas_altar_2,
          ecumenical_altar_1, small_statue_intersection
D:3:      forest_paths, nicolae_overflow_hidden_temple, gup_sewer_entry_spiral,
          minivault_11, uniq_sigmund
D:4:      serial_shops, shop, minivault_26, minmay_misc_feat_four_crosses,
          nemelex_dance_club_becter
D:5:      serial_curves, eino_curves_04, eino_curves_01, first_bread,
          sword_in_stone
D:6:      elyvilon_altar_5, grunt_temple_overflow_cloverleaf,
          kennysheep_little_box, nicolae_overflow_crystal_walls
D:7:      slow_altar_2, kennysheep_mini
D:8:      lair_0_dummy, hangedman_tree_tricks, minmay_lindwurm_lava
D:9:      minmay_misc_feat_alley, nicolae_for_you_no_charge
D:10:     minivault_29
D:11:     minmay_quarter_circles
D:12:     orc_david_3, minivault_16
Temple:   temple_of_Zot_orb

Action                   |  1- 3 |  4- 6 |  7- 9 | 10-12 || total
-------------------------+-------+-------+-------+-------++-------
Melee: Unarmed           |    85 |   166 |   426 |    26 ||   703
Throw: Large rock        |       |       |     3 |     1 ||     4
 Cast: Summon Small Mamm |     1 |       |    18 |       ||    19
       Regeneration      |       |       |    22 |     1 ||    23
Invok: Injury Mirror     |       |       |       |     1 ||     1
  Use: Scroll            |       |     7 |     3 |       ||    10
       Potion            |       |       |     1 |       ||     1
 Stab: Sleeping          |       |     2 |     8 |       ||    10
       Distracted        |       |       |     2 |       ||     2
  Eat: Chunk             |     7 |    17 |    37 |       ||    61
